[ PARTIDA AOE2 · #470936430 ]
UnrankedLituanos vs None
Equipo rival · DERR
[ ANÁLISIS DE REPETICIÓN · EXTRAÍDO DE LA PARTIDA GRABADA ]
Feudal
8:53
Castillos
23:48
Imperial
41:33
| APM promedio | 65.2 |
| APM pico | 116 |
| eAPM promedio | 28.8 |
| Aldeanos / militares | 157 / 78 |
Foco
⚔️ 29.1% · 🌾 70.9%
Knight ×44 · Skirmisher ×14 · Scorpion ×8 · Trebuchet (Packed) ×6 · Scout Cavalry ×3 · Monk ×1
Feudal
9:05
Castillos
23:04
Imperial
41:26
| APM promedio | 71.4 |
| APM pico | 119 |
| eAPM promedio | 30.1 |
| Aldeanos / militares | 152 / 81 |
Foco
⚔️ 35.7% · 🌾 64.3%
Archer ×25 · Cavalry Archer ×16 · Monk ×11 · Knight ×8 · Militia ×5 · Scout Cavalry ×5
Mapa de la partida
Recursos iniciales + cada clic de construcción. Líneas = muros · curvas = relieve. ◆ oro · ⬟ piedra · ● bayas · ✦ reliquia · ◌ hueco del cierre
Tu base· Abierta — hueco de 7t
Base de PNAL | Calvo con capa· ✓ Cerrada en 23:04 · 53t muro · 3 puerta(s)
Terreno inicial suavizado · ◌ = hueco del cierre detectado · pasá el cursor para detalles
Inputs por minuto
— Miller - - PNAL | Calvo con capa
Build order — Miller
Primeras 150 de 430 acciones detectadas
| 0:00 | Crear | Villager (Male) |
| 0:00 | Crear | Villager (Male) |
| 0:01 | Construir | House |
| 0:02 | Construir | House |
| 0:14 | Crear | Villager (Male) |
| 0:19 | Crear | Villager (Male) |
| 0:23 | Crear | Villager (Male) |
| 0:25 | Crear | Villager (Male) |
| 1:16 | Construir | Mill |
| 1:36 | Crear | Villager (Male) |
| 2:20 | Crear | Villager (Male) |
| 2:20 | Crear | Villager (Male) |
| 2:47 | Crear | Villager (Male) |
| 3:36 | Crear | Villager (Male) |
| 3:58 | Crear | Villager (Male) |
| 4:09 | Crear | Villager (Male) |
| 4:19 | Construir | House |
| 4:23 | Investigar | Loom |
| 4:28 | Crear | Villager (Male) |
| 5:03 | Crear | Villager (Male) |
| 5:36 | Crear | Villager (Male) |
| 5:41 | Construir | Lumber Camp |
| 6:12 | Crear | Villager (Male) |
| 6:18 | Crear | Villager (Male) |
| 6:36 | Investigar | Feudal Age |
| 6:36 | Investigar | Feudal Age |
| 7:22 | Construir | House |
| 7:48 | Construir | Barracks |
| 7:57 | Crear | Villager (Male) |
| 8:53 | Edad | Edad Feudal |
| 8:57 | Construir | Stable |
| 9:05 | Crear | Villager (Male) |
| 9:31 | Crear | Villager (Male) |
| 9:34 | Construir | Mill |
| 9:53 | Construir | House |
| 9:54 | Crear | Scout Cavalry |
| 9:55 | Crear | Scout Cavalry |
| 9:56 | Crear | Villager (Male) |
| 9:57 | Investigar | Double-Bit Axe |
| 10:08 | Construir | House |
| 10:33 | Investigar | Horse Collar |
| 10:35 | Construir | House |
| 10:37 | Crear | Villager (Male) |
| 10:47 | Construir | House |
| 10:55 | Construir | Palisade Wall |
| 10:57 | Construir | Palisade Wall |
| 10:58 | Construir | Palisade Wall |
| 11:04 | Construir | House |
| 11:07 | Construir | Palisade Wall |
| 11:08 | Construir | House |
| 11:10 | Construir | House |
| 11:11 | Crear | Villager (Male) |
| 11:12 | Construir | Palisade Wall |
| 11:21 | Construir | Palisade Wall |
| 11:50 | Construir | Farm |
| 11:51 | Construir | Farm |
| 11:51 | Construir | Farm |
| 11:51 | Construir | Farm |
| 11:51 | Construir | Farm |
| 11:51 | Construir | Farm |
| 12:04 | Construir | Farm |
| 12:05 | Crear | Villager (Male) |
| 12:17 | Construir | House |
| 12:37 | Construir | Farm |
| 12:38 | Crear | Villager (Male) |
| 13:08 | Crear | Villager (Male) |
| 13:12 | Construir | Archery Range |
| 13:16 | Construir | House |
| 13:27 | Crear | Villager (Male) |
| 13:31 | Construir | Farm |
| 13:39 | Crear | Villager (Male) |
| 13:52 | Construir | Mining Camp |
| 13:56 | Crear | Villager (Male) |
| 14:11 | Crear | Archer |
| 14:13 | Construir | Farm |
| 14:29 | Construir | Farm |
| 14:31 | Crear | Spearman |
| 14:33 | Crear | Villager (Male) |
| 14:49 | Crear | Skirmisher |
| 14:49 | Crear | Skirmisher |
| 14:59 | Crear | Villager (Male) |
| 15:17 | Crear | Skirmisher |
| 15:38 | Crear | Villager (Male) |
| 15:42 | Construir | Palisade Wall |
| 15:47 | Crear | Skirmisher |
| 16:04 | Crear | Villager (Male) |
| 16:09 | Crear | Villager (Male) |
| 16:14 | Construir | Palisade Wall |
| 16:17 | Crear | Skirmisher |
| 16:17 | Crear | Skirmisher |
| 16:25 | Crear | Villager (Male) |
| 16:34 | Crear | Villager (Male) |
| 16:41 | Construir | Palisade Wall |
| 16:43 | Crear | Villager (Male) |
| 16:50 | Crear | Skirmisher |
| 17:14 | Crear | Villager (Male) |
| 17:25 | Construir | Farm |
| 17:30 | Construir | Lumber Camp |
| 17:38 | Crear | Villager (Male) |
| 17:44 | Construir | Palisade Wall |
| 18:09 | Crear | Scout Cavalry |
| 18:17 | Crear | Villager (Male) |
| 18:27 | Construir | Palisade Wall |
| 18:37 | Crear | Villager (Male) |
| 18:42 | Construir | Blacksmith |
| 18:55 | Construir | Farm |
| 18:55 | Construir | Farm |
| 18:55 | Construir | Farm |
| 18:56 | Construir | Farm |
| 19:09 | Construir | Farm |
| 19:09 | Construir | Farm |
| 19:44 | Construir | Farm |
| 19:44 | Construir | Farm |
| 19:45 | Construir | Farm |
| 19:53 | Construir | House |
| 20:00 | Crear | Villager (Male) |
| 20:03 | Construir | Palisade Wall |
| 20:20 | Construir | Farm |
| 20:24 | Crear | Villager (Male) |
| 20:32 | Construir | Farm |
| 20:56 | Crear | Villager (Male) |
| 20:57 | Construir | Farm |
| 21:08 | Investigar | Castle Age |
| 21:46 | Investigar | Scale Barding Armor |
| 21:58 | Crear | Skirmisher |
| 22:22 | Crear | Skirmisher |
| 22:22 | Crear | Villager (Male) |
| 22:33 | Investigar | Bloodlines |
| 22:43 | Construir | Stable |
| 22:46 | Construir | Stable |
| 22:56 | Crear | Skirmisher |
| 23:08 | Construir | House |
| 23:11 | Construir | House |
| 23:15 | Construir | House |
| 23:38 | Crear | Villager (Male) |
| 23:48 | Edad | Edad de los Castillos |
| 23:51 | Crear | Knight |
| 23:51 | Crear | Knight |
| 24:02 | Investigar | Husbandry |
| 24:03 | Investigar | Husbandry |
| 24:09 | Crear | Villager (Male) |
| 24:17 | Construir | Town Center |
| 24:19 | Crear | Skirmisher |
| 24:30 | Crear | Villager (Male) |
| 24:44 | Crear | Knight |
| 24:45 | Crear | Knight |
| 25:00 | Crear | Villager (Male) |
| 25:13 | Crear | Villager (Male) |
| 25:17 | Crear | Knight |
| 25:19 | Crear | Villager (Male) |
Build order — PNAL | Calvo con capa
Primeras 150 de 408 acciones detectadas
| 0:02 | Crear | Villager (Male) |
| 0:02 | Crear | Villager (Male) |
| 0:02 | Crear | Villager (Male) |
| 0:02 | Crear | Villager (Male) |
| 1:21 | Crear | Villager (Male) |
| 1:48 | Construir | Lumber Camp |
| 1:55 | Crear | Villager (Male) |
| 2:17 | Crear | Villager (Male) |
| 2:49 | Crear | Villager (Male) |
| 2:49 | Crear | Villager (Male) |
| 3:13 | Crear | Villager (Male) |
| 3:40 | Crear | Villager (Male) |
| 4:11 | Crear | Villager (Male) |
| 4:16 | Crear | Villager (Male) |
| 4:42 | Construir | Mill |
| 4:49 | Crear | Villager (Male) |
| 4:58 | Crear | Villager (Male) |
| 4:58 | Crear | Villager (Male) |
| 5:07 | Crear | Villager (Male) |
| 5:07 | Crear | Villager (Male) |
| 6:03 | Investigar | Loom |
| 6:55 | Investigar | Feudal Age |
| 6:55 | Investigar | Feudal Age |
| 7:25 | Construir | Barracks |
| 7:36 | Crear | Villager (Male) |
| 8:09 | Crear | Militia |
| 8:09 | Crear | Militia |
| 8:09 | Crear | Militia |
| 8:30 | Construir | Mining Camp |
| 9:00 | Crear | Militia |
| 9:00 | Crear | Militia |
| 9:05 | Edad | Edad Feudal |
| 9:23 | Construir | Archery Range |
| 9:24 | Crear | Villager (Male) |
| 9:30 | Investigar | Man-at-Arms (upgrade) |
| 9:48 | Construir | Palisade Wall |
| 9:49 | Construir | Palisade Wall |
| 9:49 | Construir | Palisade Wall |
| 9:50 | Construir | Palisade Wall |
| 9:51 | Construir | Palisade Wall |
| 9:53 | Crear | Villager (Male) |
| 10:17 | Crear | Spearman |
| 10:44 | Construir | Farm |
| 10:47 | Construir | Farm |
| 10:49 | Construir | Farm |
| 10:54 | Crear | Villager (Male) |
| 11:41 | Crear | Villager (Male) |
| 11:41 | Crear | Villager (Male) |
| 11:43 | Construir | Farm |
| 11:44 | Crear | Archer |
| 11:45 | Crear | Archer |
| 11:53 | Construir | Farm |
| 12:00 | Crear | Archer |
| 12:05 | Crear | Spearman |
| 12:15 | Construir | Farm |
| 12:23 | Crear | Villager (Male) |
| 12:37 | Construir | Palisade Gate |
| 12:41 | Construir | Palisade Gate |
| 12:51 | Construir | Palisade Wall |
| 12:52 | Construir | Palisade Wall |
| 13:13 | Construir | Blacksmith |
| 13:13 | Crear | Villager (Male) |
| 13:14 | Crear | Villager (Male) |
| 13:15 | Construir | Farm |
| 13:32 | Crear | Villager (Male) |
| 13:44 | Construir | Farm |
| 13:44 | Crear | Villager (Male) |
| 13:52 | Crear | Archer |
| 13:52 | Crear | Archer |
| 14:17 | Investigar | Fletching |
| 14:18 | Investigar | Fletching |
| 14:19 | Crear | Archer |
| 14:19 | Crear | Archer |
| 14:28 | Construir | Palisade Wall |
| 14:30 | Construir | Palisade Wall |
| 14:35 | Construir | Farm |
| 14:36 | Construir | Farm |
| 14:51 | Crear | Villager (Male) |
| 14:52 | Crear | Villager (Male) |
| 14:54 | Construir | Farm |
| 14:59 | Construir | Palisade Wall |
| 15:11 | Crear | Villager (Male) |
| 15:24 | Crear | Archer |
| 15:24 | Crear | Archer |
| 15:24 | Crear | Archer |
| 15:49 | Crear | Villager (Male) |
| 15:52 | Construir | Mill |
| 15:54 | Crear | Spearman |
| 15:56 | Crear | Villager (Male) |
| 16:06 | Crear | Villager (Male) |
| 16:38 | Crear | Villager (Male) |
| 16:39 | Crear | Villager (Male) |
| 17:16 | Crear | Villager (Male) |
| 17:17 | Crear | Villager (Male) |
| 17:25 | Crear | Villager (Male) |
| 17:33 | Construir | Lumber Camp |
| 17:42 | Crear | Skirmisher |
| 17:45 | Construir | Palisade Wall |
| 17:49 | Construir | Palisade Gate |
| 17:50 | Construir | Palisade Wall |
| 17:54 | Crear | Villager (Male) |
| 18:08 | Crear | Archer |
| 18:09 | Crear | Archer |
| 18:21 | Construir | Farm |
| 18:21 | Crear | Villager (Male) |
| 18:26 | Construir | Palisade Wall |
| 18:27 | Construir | Palisade Wall |
| 18:42 | Construir | Farm |
| 18:54 | Construir | Palisade Wall |
| 19:13 | Crear | Villager (Male) |
| 19:22 | Crear | Skirmisher |
| 19:43 | Crear | Archer |
| 19:59 | Crear | Villager (Male) |
| 20:24 | Investigar | Castle Age |
| 20:24 | Investigar | Castle Age |
| 20:25 | Investigar | Castle Age |
| 20:29 | Construir | Farm |
| 20:31 | Construir | Farm |
| 20:56 | Investigar | Double-Bit Axe |
| 20:57 | Investigar | Double-Bit Axe |
| 20:59 | Crear | Archer |
| 21:10 | Crear | Archer |
| 21:23 | Investigar | Horse Collar |
| 21:23 | Investigar | Horse Collar |
| 21:23 | Investigar | Horse Collar |
| 21:31 | Investigar | Padded Archer Armor |
| 21:31 | Investigar | Padded Archer Armor |
| 21:34 | Crear | Archer |
| 22:14 | Construir | Archery Range |
| 22:19 | Crear | Archer |
| 22:28 | Crear | Villager (Male) |
| 22:40 | Crear | Archer |
| 22:44 | Construir | Palisade Wall |
| 22:53 | Construir | Palisade Wall |
| 23:03 | Crear | Archer |
| 23:04 | Edad | Edad de los Castillos |
| 23:10 | Investigar | Bodkin Arrow |
| 23:10 | Investigar | Bodkin Arrow |
| 23:51 | Investigar | Crossbowman (upgrade) |
| 23:52 | Investigar | Crossbowman (upgrade) |
| 23:58 | Crear | Villager (Male) |
| 23:59 | Crear | Villager (Male) |
| 24:03 | Construir | Town Center |
| 24:15 | Investigar | Gold Mining |
| 24:15 | Investigar | Gold Mining |
| 24:16 | Investigar | Gold Mining |
| 24:17 | Construir | Farm |
| 24:18 | Crear | Archer |
| 24:18 | Crear | Archer |
| 24:18 | Crear | Archer |
Cronología de la partida
| 7:25 | PNAL | Calvo con capa · first_building Barracks |
| 7:48 | Miller · first_building Barracks |
| 8:53 | Miller · age_up feudal |
| 8:57 | Miller · first_building Stable |
| 9:05 | PNAL | Calvo con capa · age_up feudal |
| 9:23 | PNAL | Calvo con capa · first_building Archery Range |
| 9:48 | PNAL | Calvo con capa · wall_segment Palisade Wall x1 |
| 9:49 | PNAL | Calvo con capa · wall_segment Palisade Wall x1 |
| 9:49 | PNAL | Calvo con capa · wall_segment Palisade Wall x1 |
| 9:50 | PNAL | Calvo con capa · wall_segment Palisade Wall x1 |
| 9:51 | PNAL | Calvo con capa · wall_segment Palisade Wall x1 |
| 10:55 | Miller · wall_segment Palisade Wall x1 |
| 10:57 | Miller · wall_segment Palisade Wall x1 |
| 10:58 | Miller · wall_segment Palisade Wall x1 |
| 11:07 | Miller · wall_segment Palisade Wall x1 |
| 11:12 | Miller · wall_segment Palisade Wall x2 |
| 11:21 | Miller · wall_segment Palisade Wall x1 |
| 12:51 | PNAL | Calvo con capa · wall_segment Palisade Wall x1 |
| 12:52 | PNAL | Calvo con capa · wall_segment Palisade Wall x1 |
| 13:12 | Miller · first_building Archery Range |
| 14:28 | PNAL | Calvo con capa · wall_segment Palisade Wall x6 |
| 14:30 | PNAL | Calvo con capa · wall_segment Palisade Wall x7 |
| 14:59 | PNAL | Calvo con capa · wall_segment Palisade Wall x6 |
| 15:42 | Miller · wall_segment Palisade Wall x6 |
| 16:14 | Miller · wall_segment Palisade Wall x6 |
| 16:41 | Miller · wall_segment Palisade Wall x1 |
| 17:44 | Miller · wall_segment Palisade Wall x5 |
| 17:45 | PNAL | Calvo con capa · wall_segment Palisade Wall x8 |
| 17:50 | PNAL | Calvo con capa · wall_segment Palisade Wall x7 |
| 18:26 | PNAL | Calvo con capa · wall_segment Palisade Wall x1 |
| 18:27 | Miller · wall_segment Palisade Wall x8 |
| 18:27 | PNAL | Calvo con capa · wall_segment Palisade Wall x1 |
| 18:54 | PNAL | Calvo con capa · wall_segment Palisade Wall x8 |
| 20:03 | Miller · wall_segment Palisade Wall x13 |
| 22:44 | PNAL | Calvo con capa · wall_segment Palisade Wall x1 |
| 22:53 | PNAL | Calvo con capa · wall_segment Palisade Wall x1 |
| 23:04 | PNAL | Calvo con capa · age_up castle |
| 23:48 | Miller · age_up castle |
| 26:13 | PNAL | Calvo con capa · first_building Monastery |
| 26:15 | Miller · wall_segment Palisade Wall x7 |
| 26:17 | PNAL | Calvo con capa · wall_segment Palisade Wall x1 |
| 26:43 | Miller · first_building Siege Workshop |
| 26:47 | PNAL | Calvo con capa · wall_segment Palisade Wall x1 |
| 26:49 | PNAL | Calvo con capa · wall_segment Palisade Wall x1 |
| 27:12 | PNAL | Calvo con capa · first_building Stable |
| 27:14 | PNAL | Calvo con capa · wall_segment Palisade Wall x1 |
| 27:39 | PNAL | Calvo con capa · wall_segment Palisade Wall x1 |
| 28:08 | PNAL | Calvo con capa · wall_segment Palisade Wall x1 |
| 28:09 | PNAL | Calvo con capa · wall_segment Palisade Wall x1 |
| 28:11 | PNAL | Calvo con capa · wall_segment Palisade Wall x1 |
| 28:26 | PNAL | Calvo con capa · wall_segment Palisade Wall x1 |
| 28:31 | PNAL | Calvo con capa · wall_segment Palisade Wall x1 |
| 28:50 | Miller · wall_segment Palisade Wall x1 |
| 33:41 | Miller · first_building Monastery |
| 34:24 | Miller · first_building Castle |
| 37:07 | PNAL | Calvo con capa · first_building Castle |
| 37:19 | PNAL | Calvo con capa · first_market_sell 100 wood |
| 40:44 | Miller · wall_segment Stone Wall x9 |
| 41:26 | Miller · first_market_buy 100 wood |
| 41:26 | PNAL | Calvo con capa · age_up imperial |
| 41:33 | Miller · age_up imperial |
| 41:43 | Miller · wall_segment Palisade Wall x1 |
| 41:44 | Miller · wall_segment Palisade Wall x1 |
| 41:45 | Miller · wall_segment Palisade Wall x1 |
| 41:57 | Miller · wall_segment Palisade Wall x3 |
| 43:33 | PNAL | Calvo con capa · resign |
[ ANÁLISIS IA · 1 CRÉDITO ]
¿Qué pasó realmente en esta partida?
Wolo.gg analiza cada decisión: build order, eco, micro, errores típicos por bracket. Análisis personalizado por WhatsApp o Discord en 30 segundos.
Guía civ
Lituanos
Perfil
Miller